 Dungeon Crawl Stone Soup version 0.20.1-1-g8b1a95d (webtiles) character file.

94 digijack the Ducker (level 4, -2/23 HPs)
             Began as a Spriggan Chaos Knight on Dec 19, 2017.
             Shot with an arrow by a centaur (5 damage)
             ... on level 6 of the Dungeon.
             The game lasted 00:17:20 (2863 turns).

digijack the Ducker (Spriggan Chaos Knight)         Turns: 2863, Time: 00:17:20

Health: -2/23      AC:  4    Str:  8    XL:     4   Next: 38%
Magic:  5/5        EV: 21    Int: 13    God:    Xom [......]
Gold:   117        SH:  0    Dex: 22    Spells: 3/3 levels left

rFire    . . .     SeeInvis +   h - -3 dagger (curse)
rCold    . . .     Gourm    .   (shield restricted)
rNeg     . . .     Faith    .   b - +2 robe
rPois    .         Spirit   .   (helmet restricted)
rElec    .         Reflect  .   (no cloak)
rCorr    .         Harm     .   (gloves unavailable)
MR       .....                  (boots unavailable)
Stlth    +++.......             (no amulet)
Regen    0.1/turn               d - +2 ring of dexterity
MPRegen  0.1/turn               k - +4 ring of dexterity

@: disjoining, very slightly contaminated, very quick
A: unfitting armour, beak, see invisible, herbivore 3, speed 3, slow metabolism
2
a: Renounce Religion


You were on level 6 of the Dungeon.
You worshipped Xom.
You were a very special plaything of Xom.
You were not hungry.

You visited 1 branch of the dungeon, and saw 4 of its levels.

You collected 117 gold pieces.

Inventory:

Hand Weapons
 a - a +0 short sword of chaos
 h - a cursed -3 dagger (weapon)
Armour
 b - a +2 robe (worn)
Jewellery
 d - a +2 ring of dexterity (left hand)
 k - a +4 ring of dexterity (right hand)
Scrolls
 e - 3 scrolls of identify
 g - 2 scrolls of teleportation
Potions
 i - a potion of heal wounds
 j - a potion of haste
Comestibles
 c - 3 bread rations
 f - 2 royal jellies


   Skills:
 + Level 2.7 Fighting
 + Level 3.9 Short Blades
 + Level 4.7 Dodging
 * Level 3.8 Stealth


You had 3 spell levels left.
You didn't know any spells.

Dungeon Overview and Level Annotations

Branches:
Dungeon (3/15)

Altars:
Xom

Annotations:
D:2 Terence


Innate Abilities, Weirdness & Mutations

You are very small and have problems with some larger weapons.
You are too small for most types of armour.
You have supernaturally acute eyesight. (SInv)
You are a herbivore.
You cover ground extremely quickly.
You need consume almost no food.
You have a beak for a mouth.


Message History

You barely miss the centaur. The centaur misses you.
You barely miss the centaur.
Xom guffaws.
You are very lightly contaminated with residual magic.
The centaur blinks!
You are now a very special plaything of Xom.
The centaur wields an uncursed shortbow.
The centaur shoots an arrow.
The arrow hits you!
A shower of butterflies erupts from you!
Your butterfly blinks! x5
The centaur shoots an arrow.
The arrow hits you!
* * * LOW HITPOINT WARNING * * *
You see here an arrow.
The centaur shoots an arrow.
The arrow misses you.
The centaur blinks!
Your butterfly blinks!
Your butterfly blinks! x2
The centaur shoots an arrow.
The arrow hits you.
You die...
Xom laughs nastily!

#. #. #.
#.######### #
#.b.......#
#.##..c....[.#
##....b§§.....#
....#..((§..§.#
#...b.b§.@....#
..###......§..#
#(........#
#..((.....#
#..b§.....#
#...b.....#
#.....<...# .#
#>.######## ..
###..#


You could see a centaur.

Vanquished Creatures
  3 adders
  A worm (D:2)
  3 dart slugs
  2 leopard geckos
  2 orcs (D:3)
  A ball python (D:2)
  2 giant cockroaches
  7 goblins
  2 hobgoblins (D:2)
  5 jackals
  6 kobolds
  3 quokkas
  5 bats
  3 frilled lizards
  6 rats
51 creatures vanquished.

Vanquished Creatures (collateral kills)
  A jackal (D:2)
1 creature vanquished.

Grand Total: 52 creatures vanquished

Notes
Turn   | Place    | Note
-------+----------+-------------------------------------------
     0 | D:1      | digijack the Spriggan Chaos Knight began the quest for the Orb.
     0 | D:1      | Reached XP level 1. HP: 11/11 MP: 2/2
    94 | D:1      | Reached skill level 1 in Stealth
   120 | D:1      | Reached XP level 2. HP: 16/16 MP: 3/3
   168 | D:1      | XOM: harmless Hex miscast
   490 | D:1      | XOM: harmless Necr miscast
   694 | D:1      | Reached skill level 4 in Dodging
   694 | D:1      | Reached XP level 3. HP: 16/19 MP: 4/4
   733 | D:1      | XOM: mild Chrm miscast
   980 | D:2      | Noticed Terence
  1011 | D:2      | XOM: silly message
  1061 | D:2      | XOM: harmless Necr miscast
  1072 | D:2      | XOM: confusion (+ monsters)
  1310 | D:2      | XOM: confuse monster(s)
  1477 | D:2      | XOM: summons 3 friendly demons
  1666 | D:2      | XOM: cloud trail
  1731 | D:2      | XOM: scenery: create altars
  1758 | D:2      | Paralysed by you for 4 turns
  2176 | D:2      | XOM: give mutation
  2176 | D:2      | Gained mutation: You have a beak for a mouth. [Xom's grace]
  2215 | D:2      | Reached XP level 4. HP: 12/23 MP: 5/5
  2420 | D:2      | XOM: divination: detect items
  2565 | D:3      | XOM: polymorph orc -> gnoll
  2601 | D:3      | XOM: confuse monster(s)
  2623 | D:3      | XOM: enchant monster (bad)
  2832 | D:3      | You fall through a shaft for 3 floors!
  2851 | D:6      | Noticed a centaur
  2859 | D:6      | XOM: cast spell 'Disjunction'
  2859 | D:6      | XOM: butterfly on damage
  2863 | D:6      | Shot with an arrow by a centaur

Skill      XL: |  1  2  3 |
---------------+----------+-----
Stealth        | 1 2 3 |  3.8
Dodging        | 4 |  4.7
Fighting       | |  2.7
Short Blades   | |  3.9

Action                   |  1- 3 |  4- 6 || total
-------------------------+-------+-------++-------
Melee: Short sword       |   100 |       ||   100
       Dagger            |   192 |    55 ||   247
       Peck              |     6 |    15 ||    21
  Use: Scroll            |     3 |     1 ||     4
       Potion            |     2 |     1 ||     3
 Stab: Sleeping          |     5 |       ||     5
       Confused          |     3 |     1 ||     4
       Paralysed         |     1 |       ||     1
Armor: Robe              |    21 |     4 ||    25
Dodge: Dodged            |   220 |    40 ||   260
